 Dungeon Crawl Stone Soup version 0.23-a0-29-g1be82e5 (webtiles) character file.

531715 Marixus the Earth Mage (level 26, -3/166 HPs)
             Began as a Gargoyle Earth Elementalist on July 31, 2018.
             Was a High Priest of Sif Muna.
             Slain by an azure jelly (39 damage)
             ... created by the Royal Jelly
             ... on level 5 of the Pits of Slime on Aug 4, 2018.
             The game lasted 06:37:29 (90717 turns).

Marixus the Earth Mage (GrEE)                      Turns: 90717, Time: 06:37:29

Health: -3/166     AC: 33    Str: 12    XL:     26   Next: 24%
Magic:  0/54       EV: 16    Int: 24    God:    Sif Muna [*****.]
Gold:   4199       SH: 18    Dex: 18    Spells: 4/61 levels left

rFire    . . .     SeeInvis .   N - +9 sacred scourge (holy)
rCold    . . .     Gourm    +   t - +5 shield {reflect}
rNeg     + + +     Faith    .   J - +4 ring mail of the Devil's Team {rF- Dex+3 Slay+2 Stlth+}
rPois    ∞         Spirit   +   E - +2 hat of the Bear Spirit {Spirit, +Rage rN+ MR++}
rElec    +         Reflect  +   V - +2 cloak {rF+}
rCorr    +         Harm     .   I - +2 pair of gloves {Dex+3}
MR       +++..                  (no boots)
Stlth    +++.......             B - amulet of the gourmand {Gourm, !d}
HPRegen  0.37/turn              k - ring "Volood" {rCorr rPois Str+4 Dex-4}
MPRegen  0.34/turn              h - ring "Feumi" {rN++ MP+9 Str-2 Dex+4 Stlth-}

@: about to teleport, corroded, flying, studying Long Blades
A: big wings, deformed body, negative energy resistance 1, electricity
resistance, weak 2, unbreathing, petrification resistance, rot immunity, AC +20
}: 2/15 runes: decaying, serpentine
a: Stop Flying, Divine Energy, Channel Magic, Forget Spell, Renounce Religion,
Evoke Berserk Rage


You were on level 5 of the Pits of Slime.
You worshipped Sif Muna.
Sif Muna was extremely pleased with you.
You were not hungry.

You visited 10 branches of the dungeon, and saw 48 of its levels.
You also visited: Ossuary, Ice Cave and Volcano.

You collected 6399 gold pieces.
You spent 2200 gold pieces at shops.

Inventory:

Hand Weapons
 a - the +8 whip "Snakebite" {curare, rPois}
   (You found it on level 1 of the Lair of Beasts)

   It poisons the flesh of those it strikes.
   It protects you from poison.
 y - the +5 great mace "Sawur" {vamp, Int+5}
   (You found it on level 2 of the Depths)

   It inflicts no extra harm, but heals its wielder when it wounds a living foe.
   It affects your intelligence (+5).
 N - a +9 sacred scourge of holy wrath (weapon)
   (You took it off Mennas on level 4 of the Vaults)
Missiles
 b - 1035 stones
 g - 54 tomahawks (quivered)
Armour
 t - a +5 shield of reflection (worn)
   (You took it off Donald on level 2 of the Elven Halls)
 E - the +2 hat of the Bear Spirit (worn) {Spirit, +Rage rN+ MR++}
   (You found it on level 5 of the Lair of Beasts)

   It protects you from negative energy.
   It affects your resistance to hostile enchantments.
   It lets you go berserk.
 I - a +2 pair of gloves of dexterity (worn)
   (You found it on level 9 of the Dungeon)
 J - the +4 ring mail of the Devil's Team (worn) {rF- Dex+3 Slay+2 Stlth+}
   (You found it on level 5 of the Lair of Beasts)

   It affects your dexterity (+3).
   It affects your accuracy and damage with ranged weapons and melee attacks
   (+2).
   It makes you vulnerable to fire.
   It makes you more stealthy.
 V - a +2 cloak of fire resistance (worn)
   (You found it in a volcano)
Jewellery
 h - the ring "Feumi" (right hand) {rN++ MP+9 Str-2 Dex+4 Stlth-}
   (You found it on level 13 of the Dungeon)

   [ring of magical power]

   It affects your strength (-2).
   It affects your dexterity (+4).
   It greatly protects you from negative energy.
   It affects your magic capacity (+9).
   It makes you less stealthy.
 k - the ring "Volood" (left hand) {rCorr rPois Str+4 Dex-4}
   (You found it on level 5 of the Lair of Beasts)

   [ring of resist corrosion]

   It affects your strength (+4).
   It affects your dexterity (-4).
   It protects you from poison.
 B - an amulet of the gourmand (around neck) {Gourm, !d}
   (You found it on level 5 of the Dungeon)
Wands
 c - a wand of disintegration (64)
   (You found it on level 11 of the Dungeon)
 o - a wand of paralysis (37)
   (You found it on level 2 of the Dungeon)
 u - a wand of digging (44)
   (You took it off a kobold on level 3 of the Dungeon)
 A - a wand of scattershot (1)
   (You found it on level 3 of the Lair of Beasts)
 Q - a wand of clouds (4)
   (You found it on level 3 of the Swamp)
 R - a wand of acid (21)
   (You found it on level 3 of the Elven Halls)
 W - a wand of iceblast (6)
   (You found it on level 6 of the Lair of Beasts)
Scrolls
 e - 25 scrolls of remove curse
 m - 7 scrolls of fear
 r - a scroll of holy word {!r}
 v - a scroll of fog
 w - 7 scrolls of magic mapping {!r}
 z - 14 scrolls of teleportation
 F - a scroll of enchant weapon
 G - 5 scrolls of identify
 H - 7 scrolls of amnesia
 K - 3 scrolls of blinking {!r}
 P - a scroll of silence
Potions
 f - 3 potions of agility
 i - 4 potions of berserk rage {!q}
 j - a potion of haste
 l - 6 potions of cancellation
 n - 3 potions of resistance
 p - 7 potions of brilliance
 q - 5 potions of ambrosia
 s - 19 potions of curing
 x - a potion of might
 C - a potion of magic
 D - 2 potions of mutation {!q}
 L - a potion of heal wounds
Books
 S - a manual of Long Blades {!d}
   (You found it on level 3 of the Depths)
Miscellaneous
 M - 3 phantom mirrors
Comestibles
 d - 64 rations


   Skills:
 * Level 17.3 Fighting
 - Level 12.8 Maces & Flails
 - Level 10.0 Armour
 - Level 8.0 Dodging
 - Level 8.0 Stealth
 - Level 15.0 Shields
 + Level 18.4 Spellcasting
 + Level 18.4 Conjurations
 - Level 3.0 Charms
 - Level 4.0 Necromancy
 - Level 6.0 Translocations
   Level 0.7 Transmutations
 - Level 6.4 Fire Magic
 + Level 20.6 Earth Magic
 - Level 16.7 Invocations
 - Level 7.0 Evocations


You had 4 spell levels left.
You knew the following spells:

 Your Spells              Type           Power        Failure   Level  Hunger
a - Sandblast             Erth           ######       0%          1    None
b - Iron Shot             Conj/Erth      #######...   1%          6    ###....
c - Borgnjor's Vile Clut  Necr/Erth      ######....   1%          5    None
d - Orb of Destruction    Conj           #######...   1%          7    #####..
e - Fire Storm            Conj/Fire      ######....   100%        9    #######
f - Shatter               Erth           #######...   65%         9    #######
g - Apportation           Tloc           ######       1%          1    None
h - Lehudib's Crystal Sp  Conj/Erth      #######...   9%          8    ######.
r - Regeneration          Chrm/Necr      #####.....   3%          3    None
x - Stone Arrow           Conj/Erth      ######       0%          3    None
z - Lee's Rapid Deconstr  Erth           #######...   1%          5    None

Your spell library contained the following spells:

 Spells                   Type           Power        Failure   Level  Hunger
 Cause Fear               Hex            ###.......   38%         4    None
 Magic Dart               Conj           ####         0%          1    None
 Fireball                 Conj/Fire      ######....   1%          5    None
 Conjure Flame            Conj/Fire      ######..     1%          3    None
 Lightning Bolt           Conj/Air       ######....   2%          5    None
 Bolt of Magma            Conj/Fire/Erth #######...   1%          5    None
 Slow                     Hex            ###.....     6%          2    None
 Invisibility             Hex            ###.....     100%        6    ###....
 Throw Flame              Conj/Fire      ######       1%          2    None
 Throw Frost              Conj/Ice       ######       1%          2    None
 Freezing Cloud           Conj/Ice/Air   ######....   45%         6    ###....
 Mephitic Cloud           Conj/Pois/Air  ######..     1%          3    None
 Venom Bolt               Conj/Pois      ######....   2%          5    None
 Olgreb's Toxic Radiance  Pois           ###.....     38%         4    None
 Teleport Other           Tloc           ######..     1%          3    None
 Summon Small Mammal      Summ           ###.         4%          1    None
 Bolt of Draining         Conj/Necr      ######....   1%          5    None
 Blink                    Tloc           N/A          1%          2    None
 Iskenderun's Mystic Bla  Conj           #######.     1%          4    None
 Animate Dead             Necr           N/A          9%          4    None
 Pain                     Necr           ####         1%          1    None
 Animate Skeleton         Necr           N/A          1%          1    None
 Vampiric Draining        Necr           #####.....   2%          3    None
 Haunt                    Necr/Summ      ####......   100%        7    #####..
 Sticky Flame             Conj/Fire      ######..     1%          4    None
 Summon Ice Beast         Ice/Summ       ###.....     38%         4    None
 Call Imp                 Summ           ###.....     6%          2    None
 Poison Arrow             Conj/Pois      ######....   14%         6    ###....
 Sting                    Conj/Pois      ####         1%          1    None
 Sublimation of Blood     Necr           #####.....   1%          2    None
 Tukima's Dance           Hex            ###.....     13%         3    None
 Summon Demon             Summ           ###.......   75%         5    None
 Summon Greater Demon     Summ           ###.......   100%        7    #####..
 Corpse Rot               Necr           N/A          1%          2    None
 Shock                    Conj/Air       ####         1%          1    None
 Swiftness                Chrm/Air       ####....     3%          2    None
 Recall                   Summ/Tloc      N/A          3%          3    None
 Agony                    Necr           #####...     22%         5    None
 Statue Form              Tmut/Erth      ######...    9%          6    ###....
 Death Channel            Necr           #####.....   77%         6    ###....
 Deflect Missiles         Chrm/Air       ####......   98%         6    ###....
 Throw Icicle             Conj/Ice       ######..     1%          4    None
 Airstrike                Air            ###.......   38%         4    None
 Shadow Creatures         Summ           N/A          100%        6    ###....
 Confusing Touch          Hex            ###...       4%          1    None
 Flame Tongue             Conj/Fire      #####        1%          1    None
 Passwall                 Tmut/Erth      ######..     1%          2    None
 Ignite Poison            Fire/Tmut/Pois ####....     4%          3    None
 Sticks to Snakes         Tmut           ####....     4%          2    None
 Call Canine Familiar     Summ           ###.....     13%         3    None
 Ensorcelled Hibernation  Hex/Ice        ###...       6%          2    None
 Metabolic Englaciation   Hex/Ice        ###.......   75%         5    None
 Summon Butterflies       Summ           ###.....     4%          1    None
 Silence                  Hex/Air        ###.......   75%         5    None
 Dispersal                Tloc           ######....   50%         6    ###....
 Static Discharge         Conj/Air       ######..     1%          3    None
 Corona                   Hex            ###....      4%          1    None
 Conjure Ball Lightning   Conj/Air       ######....   14%         6    ###....
 Chain Lightning          Conj/Air       ######....   99%         8    ######.
 Portal Projectile        Hex/Tloc       #####.       3%          3    None
 Monstrous Menagerie      Summ           ###.......   100%        7    #####..
 Petrify                  Tmut/Erth      ######..     1%          4    None
 Passage of Golubria      Tloc           N/A          3%          4    None
 Malign Gateway           Summ/Tloc      #####.....   100%        7    #####..
 Tornado                  Air            ###.......   100%        9    #######
 Leda's Liquefaction      Hex/Erth       ######....   1%          4    None
 Summon Hydra             Summ           ###.......   100%        7    #####..
 Darkness                 Hex            ###.......   100%        6    ###....
 Shroud of Golubria       Chrm/Tloc      #####.....   1%          2    None
 Inner Flame              Hex/Fire       #####...     3%          3    None
 Aura of Abjuration       Summ           ###.......   75%         5    None
 Disjunction              Tloc           ######....   100%        8    ######.
 Iskenderun's Battlesphe  Conj/Chrm      ######..     1%          5    None
 Fulminant Prism          Conj/Hex       ######....   1%          4    None
 Dazzling Spray           Conj/Hex       ######       1%          3    None
 Force Lance              Conj/Tloc      ######..     1%          4    None
 Searing Ray              Conj           ######       0%          2    None
 Discord                  Hex            ###.......   100%        8    ######.
 Summon Forest            Summ/Tloc      #####.....   34%         5    None
 Summon Lightning Spire   Summ/Air       ###.....     38%         4    None
 Summon Guardian Golem    Hex/Summ       ###.....     13%         3    None
 Dragon's Call            Summ           ###.......   100%        9    #######
 Spellforged Servitor     Conj/Summ      ######....   63%         7    #####..
 Summon Mana Viper        Hex/Summ       ###.....     75%         5    None
 Irradiate                Conj/Tmut      ######....   2%          5    None
 Gell's Gravitas          Tloc           ######....   1%          3    None
 Yara's Violent Unravell  Hex/Tmut       ###.......   71%         5    None
 Infestation              Necr           #####.....   100%        8    ######.
 Lesser Beckoning         Tloc           ######....   1%          3    None
 Poisonous Vapours        Pois/Air       ###...       6%          2    None
 Ignition                 Fire           ######....   100%        8    ######.


Dungeon Overview and Level Annotations

Branches:
Dungeon (15/15)            Temple (1/1) D:7            Lair (6/6) D:8
  Swamp (4/4) Lair:3        Snake (4/4) Lair:4        Slime (5/5) Lair:6
    Orc (2/2) D:12            Elf (3/3) Orc:2        Vaults (4/5) D:13
  Crypt (0/3) Vaults:2     Depths (4/5) D:15

Altars:
Ashenzari
Cheibriados
Dithmenos
Elyvilon
Fedhas
Gozag
Hepliaklqana
Kikubaaqudgha
Makhleb
Nemelex Xobeh
Okawaru
Qazlal
Ru
Sif Muna
Trog
Uskayaw
Vehumet
Wu Jian
Xom
Yredelemnul
Zin
The Shining One
Beogh
Jiyva

Shops:
D:6 [   D:10 *   D:11 }   D:13 %   D:14 :   Orc:2 =((*?   Elf:2 (   Snake:2 ?
Vaults:1 :   Vaults:3 *   Vaults:4 (   Depths:3 ((*?}

Portals:
Hell: Depths:1 Depths:2 Depths:3
Pandemonium: Depths:1 Depths:3
Ziggurat: Depths:1
Trove: Vaults:2 (give 18 scrolls of identify)

Annotations:
Swamp:2 exclusion: 2 oklob plants
Slime:4 exclusion: upstairs
Slime:5 Royal Jelly


Innate Abilities, Weirdness & Mutations

You are resistant to torment.
Your stone body is resilient. (AC +20)
You are immune to poison.
Your large and strong wings let you fly indefinitely.
You resist negative energy. (rN+)
You are resistant to electric shocks. (rElec)
You can survive without breathing.
You are immune to petrification.
You are immune to rotting.
Armour fits poorly on your strangely shaped body.
You are very weak. (Str -4)


Message History

The azure jelly is moderately wounded.
You block the azure jelly's attack. x2
The azure jelly hits you but does no damage. x2
You block the azure jelly's attack. The azure jelly closely misses you.
The azure jelly hits you but does no damage. x2
You hit the azure jelly.
The azure jelly is moderately wounded.
You block the azure jelly's attack.
The azure jelly hits you but does no damage.
The azure jelly misses you.
The azure jelly hits you but does no damage. x3
The azure jelly barely misses you.
The azure jelly hits you but does no damage.
You whack the azure jelly!
The azure jelly is heavily wounded.
The azure jelly hits you but does no damage.
The azure jelly completely misses you. You block the azure jelly's attack.
The azure jelly hits you but does no damage.
You completely miss the azure jelly.
The azure jelly is heavily wounded.
You block the azure jelly's attack.
The azure jelly hits you but does no damage.
You block the azure jelly's attack. x2
The azure jelly hits you but does no damage. x2
The azure jelly barely misses you. The azure jelly completely misses you.
The azure jelly misses you.
The azure jelly hits you but does no damage. x2
You block the azure jelly's attack.
You hit the azure jelly.
The azure jelly is heavily wounded.
The azure jelly hits you but does no damage.
You block the azure jelly's attack. x2; The azure jelly closely misses you.
You closely miss the azure jelly.
The azure jelly is heavily wounded.
The azure jelly hits you but does no damage.
You block the azure jelly's attack.
The azure jelly hits you but does no damage.
You block the azure jelly's attack. The azure jelly misses you.
The azure jelly hits you but does no damage. x2
The azure jelly barely misses you.
You whack the azure jelly!
The azure jelly is severely wounded.
The azure jelly hits you but does no damage. x2
You block the azure jelly's attack.
The azure jelly hits you but does no damage.
The azure jelly barely misses you. You block the azure jelly's attack.
The azure jelly misses you.
The azure jelly hits you but does no damage.
You whack the azure jelly!
The azure jelly is severely wounded.
The azure jelly completely misses you. You block the azure jelly's attack.
The azure jelly hits you but does no damage.
The azure jelly closely misses you.
You closely miss the azure jelly.
The azure jelly is severely wounded.
You block the azure jelly's attack. x2
The azure jelly hits you but does no damage.
The azure jelly misses you. The azure jelly hits you.
The azure jelly freezes you!!
The azure jelly hits you but does no damage.
You block the azure jelly's attack. x2; The azure jelly hits you.
The azure jelly freezes you!!
* * * LOW HITPOINT WARNING * * *
The azure jelly hits you but does no damage. x3
As you read the scroll of teleportation, it crumbles to dust.
You feel strangely unstable. The azure jelly misses you.
You block the azure jelly's attack. The azure jelly closely misses you.
The azure jelly hits you but does no damage.
The azure jelly closely misses you.
The azure jelly hits you but does no damage.
You block the azure jelly's attack. The azure jelly barely misses you.
You hit the azure jelly.
The azure jelly is almost dead.
The azure jelly completely misses you. The azure jelly misses you.
You block the azure jelly's attack.
The azure jelly hits you but does no damage.
You whack the azure jelly!
You kill the azure jelly!
That felt strangely unrewarding.
The azure jelly closely misses you. You block the azure jelly's attack.
The azure jelly closely misses you. You block the azure jelly's attack.
You block the acid blob's attack.
Casting: Lee's Rapid Deconstruction (safe; 1% risk of failure)
Confirm with . or Enter, or press ? or * to list all spells.
Aiming: Lee's Rapid Deconstruction (safe; 1% risk of failure)
Press: ? - help, Dir - move target cursor A rune-carved stone wall.
The wall shatters!
The blast of rock fragments hits the azure jelly.
The azure jelly is almost dead.
The blast of rock fragments hits the acid blob.
The acid blob is almost dead.
The blast of rock fragments hits the azure jelly.
The azure jelly is severely wounded.
The blast of rock fragments hits the azure jelly.
The azure jelly is lightly wounded.
The azure jelly jiggles.
You block the azure jelly's attack. The azure jelly hits you!
* * * LOW HITPOINT WARNING * * *
The azure jelly freezes you!!!
You die...

................... ..
.................. #.
.................# .
................. .
................ #.
...............## ##J
................# #}##
...............#### ####.
................@J#JJG#JG
...............##JJJ#GJJ.
...............#########G
................# #[##
...............## #J
................#
................###
..................## .
.#.................# #.


You could see the Royal Jelly, an acid blob, 4 azure jellies and a glowing
orange brain.

Vanquished Creatures
  Mennas (Vaults:4)
  2 juggernauts (Depths:3)
  Saint Roka (Elf:2)
  A golden dragon (Depths:3)
  2 caustic shrikes (Depths:2)
  Jory (Vaults:2)
  A tentacled monstrosity (Depths:3)
  5 deep elf blademasters (Elf:3)
  4 liches
  6 acid blobs
  5 deep elf master archers (Elf:3)
  A titan (Depths:3)
  Frances (Elf:1)
  4 thorn hunters
  4 tengu reavers
  4 storm dragons
  Kirke (Snake:4)
  Roxanne (Elf:2)
  7 fire giants
  Donald (Elf:2)
  13 vault wardens
  10 nagarajas
  10 azure jellies
  Louise (Elf:2)
  11 deep elf sorcerers
  10 frost giants
  The ghost of Tsarbomb the Executioner, a journeyman HOMo of Okawaru (Lair:5)
  4 deep elf elementalists
  A caustic shrike zombie (Depths:4)
  A spriggan defender (Depths:2)
  19 very ugly things
  17 ironheart preservers
  The ghost of Zenkrye the Earth Mage, a journeyman DDEE of Makhleb (Lair:5)
  18 stone giants
  4 vampire knights
  4 spark wasps
  An entropy weaver (Vaults:4)
  6 deep elf demonologists
  The ghost of Ribudoz the Blocker, a journeyman GnFi of Okawaru (Lair:5)
  The ghost of Qoypruj the Cruncher, a journeyman MiGl of the Shining One (Lair:5)
  6 dire elephants (Lair:6)
  6 deep elf annihilators
  Azrael (D:14)
  A minotaur (Lair:6)
  A red draconian (Volcano)
  4 deep elf death magi
  A blizzard demon (Depths:3)
  The ghost of SlowGraham the Destroyer, a journeyman DgCj (Lair:5)
  2 green deaths (Swamp:4)
  14 ettins
  4 merfolk impalers (Depths:2)
  5 fire dragons
  The ghost of Ypehuijo the Spear-Bearer, a journeyman OpFi of Gozag (Lair:5)
  4 death oozes
  12 ice dragons
  8 yaktaur captains
  2 deep elf high priests (Elf:3)
  3 jiangshi (Depths:4)
  6 vault guards
  A hell beast (Swamp:4)
  14 great orbs of eyes
  4 spriggan air magi
  25 naga warriors
  3 rakshasas
  21 hydras
  10 centaur warriors
  2 ghost crabs
  15 anacondas
  A catoblepas (Lair:5)
  5 death knights
  15 ogre magi
  5 death yaks (Lair:4)
  17 deep troll earth magi
  18 alligators
  38 two-headed ogres
  17 dancing weapons
  3 spriggan berserkers
  7 tengu warriors
  9 deep troll shamans
  A vampire mage (Depths:4)
  6 orc high priests
  6 shock serpents
  A soul eater (Depths:3)
  20 deep elf knights
  11 naga sharpshooters
  11 hell knights
  A skeletal warrior (D:13)
  2 shadow wraiths
  2 salamander mystics
  2 iron trolls
  36 deep trolls
  10 unseen horrors
  A storm dragon skeleton (Vaults:1)
  A deep troll (shapeshifter) (Vaults:1)
  6 swamp dragons
  17 deep elf archers
  9 glowing orange brains
  3 flayed ghosts
  A glowing orange brain (shapeshifter) (Depths:4)
  10 naga ritualists
  2 phantasmal warriors
  15 wizards
  An obsidian statue (D:13)
  18 ironbrand convokers
  4 shambling mangroves
  5 necromancers
  A harpy (shapeshifter) (Vaults:3)
  A harpy (Vaults:4)
  6 wolf spiders
  13 orc knights
  69 ugly things
  A lindwurm (shapeshifter) (Depths:1)
  An orc sorcerer (Vaults:4)
  2 salamanders (shapeshifter)
  6 oklob plants
  3 manticores
  80 deep elf magi
  16 mana vipers
  10 salamanders
  9 cyclopes
  4 shining eyes
  A cyclops (shapeshifter) (Vaults:1)
  8 elephants
  A rust devil (Depths:3)
  12 vault sentinels
  A centaur zombie (D:10)
  A frost giant skeleton (Depths:4)
  A guardian serpent (shapeshifter) (D:15)
  13 guardian serpents
  31 naga magi
  45 black mambas
  2 eyes of devastation
  18 spiny frogs
  3 ice statues
  A spriggan skeleton (Depths:4)
  2 orange demons (Swamp:4)
  9 freezing wraiths
  A komodo dragon (shapeshifter) (Depths:1)
  14 komodo dragons
  A kobold demonologist (D:13)
  A yaktaur zombie (Vaults:1)
  2 rime drakes
  46 yaktaurs
  5 tengu conjurers
  A hellwing (Depths:3)
  A wind drake (shapeshifter) (D:15)
  A harpy zombie (D:15)
  A polar bear (shapeshifter) (Vaults:3)
  A tyrant leech (shapeshifter) (Depths:3)
  7 tyrant leeches
  3 trolls
  9 hornets
  A slime creature (shapeshifter) (Vaults:1)
  87 slime creatures
  A dream sheep (shapeshifter) (D:15)
  9 bog bodies
  7 hippogriffs
  A hippogriff (shapeshifter) (Vaults:2)
  8 dream sheep (Lair:6)
  6 shadows
  2 centaur simulacra
  26 yaks
  A tarantella (shapeshifter) (Depths:2)
  An air elemental (Elf:3)
  3 water elementals
  A hog (shapeshifter) (Depths:1)
  4 basilisks
  7 wyverns
  2 yaks (shapeshifter)
  3 spriggans
  2 tarantellas (Vaults:4)
  3 fire elementals
  A human (shapeshifter) (Depths:2)
  3 hungry ghosts
  4 golden eyes (Slime:5)
  A chaos spawn (Depths:3)
  5 hogs (Snake:4)
  13 swamp worms
  20 vampire mosquitoes
  A warg (Orc:1)
  A swamp worm (shapeshifter) (D:15)
  A yaktaur simulacrum (Vaults:1)
  79 nagas
  A warg (shapeshifter) (Depths:3)
  2 soldier ants
  9 insubstantial wisps
  3 acid dragons
  19 water moccasins
  4 hell hounds
  5 porcupines
  10 swamp drakes
  A black bear (shapeshifter) (D:15)
  A phantom (D:5)
  3 black bears
  19 ice beasts
  3 sky beasts
  8 eyes of draining
  An ice beast (shapeshifter) (D:15)
  55 orc warriors
  A large abomination (Swamp:4)
  33 ogres
  2 necrophages
  8 boggarts
  11 wolves (Lair:2)
  23 centaurs
  9 crocodiles
  2 big kobolds
  A wyvern zombie (D:11)
  17 bullfrogs
  2 elf zombies (Ossuary)
  2 earth elementals
  8 scorpions
  9 killer bees
  5 howler monkeys
  13 wights
  3 electric eels
  7 crimson imps
  A human simulacrum (Vaults:1)
  4 bullfrog zombies
  16 jellies
  A quasit (Depths:1)
  8 centaur skeletons
  39 orc priests
  3 hounds
  2 human zombies
  15 orc wizards
  A bullfrog skeleton (D:8)
  5 iguanas
  8 worker ants
  A big kobold zombie (Ossuary)
  2 hound skeletons
  2 mummies (Ossuary)
  2 worker ant zombies
  3 gnolls (D:2)
  21 adders
  A howler monkey skeleton (D:10)
  4 shadow imps
  An ooze (D:2)
  2 adder skeletons
  5 worms
  2 dart slugs
  6 leopard geckos
  90 orcs
  2 ball pythons
  5 giant cockroaches
  8 goblins
  4 hobgoblins
  19 jackals
  19 kobolds
  8 quokkas
  11 bats
  5 frilled lizards
  4 goblin zombies (Ossuary)
  8 hobgoblin zombies (Ossuary)
  2 jackal zombies (Ossuary)
  8 kobold zombies (Ossuary)
  A leopard gecko skeleton (D:8)
  A leopard gecko zombie (D:5)
  9 orc zombies (Ossuary)
  8 rats
  A rat zombie (Ossuary)
  4 fungi
  3 plants
2145 creatures vanquished.

Vanquished Creatures (collateral kills)
  An orc (Vaults:1)
1 creature vanquished.

Vanquished Creatures (others)
  A deep elf elementalist (Elf:3)
  A stone giant (Vaults:4)
  A naga warrior (Snake:4)
  2 ogre magi
  A two-headed ogre (Depths:2)
  A tengu warrior (Depths:2)
  A deep elf knight (Elf:3)
  A deep troll (Vaults:4)
  A deep elf archer (Vaults:4)
  An ugly thing (Depths:1)
  A human (Snake:4)
  4 yaktaurs
  A water elemental (Depths:2)
  An air elemental (Elf:3)
  A naga (Snake:4)
  A centaur (Depths:3)
  14 fungi
  6 plants
40 creatures vanquished.

Grand Total: 2186 creatures vanquished

Notes
Turn   | Place    | Note
-------+----------+-------------------------------------------
     0 | D:1      | Marixus the Gargoyle Earth Elementalist began the quest for the Orb.
     0 | D:1      | Reached XP level 1. HP: 10/10 MP: 3/3
   269 | D:1      | Reached XP level 2. HP: 8/16 MP: 5/5
   434 | D:1      | Reached skill level 1 in Fighting
   796 | D:1      | Reached skill level 4 in Earth Magic
  1005 | D:1      | Reached XP level 3. HP: 20/20 MP: 4/6
  1615 | D:2      | Learned a level 3 spell: Stone Arrow
  1902 | D:2      | Reached XP level 4. HP: 26/26 MP: 7/7
  2152 | D:2      | Reached skill level 2 in Fighting
  2152 | D:2      | Reached skill level 2 in Dodging
  2179 | D:2      | Reached skill level 3 in Stealth
  2781 | D:3      | Reached skill level 1 in Conjurations
  2781 | D:3      | Reached XP level 5. HP: 31/31 MP: 5/8
  3365 | D:4      | Reached XP level 6. HP: 31/36 MP: 10/10
  3373 | D:4      | Found a shimmering altar of Xom.
  3373 | D:4      | Found a blossoming altar of Fedhas.
  3381 | D:4      | Reached skill level 3 in Fighting
  3381 | D:4      | Reached skill level 3 in Spellcasting
  3647 | D:4      | Reached skill level 3 in Dodging
  3647 | D:4      | Reached skill level 5 in Earth Magic
  3675 | D:4      | Reached skill level 2 in Conjurations
  3846 | D:4      | Reached XP level 7. HP: 30/41 MP: 10/12
  4380 | D:5      | Entered Level 5 of the Dungeon
  4404 | D:5      | Reached skill level 3 in Conjurations
  4475 | D:5      | Reached skill level 4 in Spellcasting
  4475 | D:5      | Reached skill level 6 in Earth Magic
  4772 | D:5      | Reached skill level 4 in Conjurations
  4772 | D:5      | Reached XP level 8. HP: 43/46 MP: 10/14
  5269 | D:6      | Reached skill level 4 in Fighting
  5269 | D:6      | Reached skill level 7 in Earth Magic
  5281 | D:6      | Found a sparkling altar of Nemelex Xobeh.
  5309 | D:6      | Found Pylid's Antique Armour Boutique.
  5368 | D:6      | Found a sand-covered staircase.
  5395 | D:6      | Reached skill level 5 in Spellcasting
  5395 | D:6      | Reached skill level 5 in Conjurations
  5427 | Ossuary  | Entered an ossuary
  5725 | Ossuary  | Reached skill level 5 in Fighting
  5790 | Ossuary  | Reached XP level 9. HP: 37/54 MP: 16/16
  6064 | D:6      | Reached skill level 8 in Earth Magic
  6235 | D:6      | Reached skill level 6 in Conjurations
  6513 | D:6      | Learned a level 5 spell: Lee's Rapid Deconstruction
  6515 | D:6      | Learned a level 1 spell: Apportation
  6538 | D:6      | Reached skill level 1 in Shields
  6721 | D:6      | Bought a glowing cloak for 202 gold pieces
  6762 | D:7      | Found a staircase to the Ecumenical Temple.
  6767 | Temple   | Entered the Ecumenical Temple
  7032 | Temple   | Became a worshipper of Sif Muna the Loreminder
  7365 | D:7      | Reached skill level 6 in Spellcasting
  7643 | D:8      | Reached skill level 2 in Shields
  7643 | D:8      | Reached skill level 1 in Translocations
  7762 | D:8      | Noticed a two-headed ogre
  7844 | D:8      | Reached skill level 3 in Shields
  8033 | D:8      | Found an iron altar of Okawaru.
  8034 | D:8      | Found an ancient bone altar of Kikubaaqudgha.
  8148 | D:8      | Reached skill level 2 in Translocations
  8202 | D:8      | Noticed a komodo dragon
  8413 | D:8      | Reached * piety under Sif Muna
  8413 | D:8      | Reached skill level 4 in Shields
  8413 | D:8      | Reached skill level 9 in Earth Magic
  8413 | D:8      | Reached XP level 10. HP: 59/59 MP: 19/19
  8486 | D:8      | Found a hazy altar of Hepliaklqana.
  8782 | D:8      | Found a shattered altar of Ashenzari.
  8880 | D:9      | Noticed a two-headed ogre
  8895 | D:9      | Killed a two-headed ogre
  8895 | D:9      | Reached skill level 3 in Translocations
  8960 | D:9      | Reached skill level 7 in Spellcasting
  9058 | D:9      | Found the +7 Kryia's mail coat {PotionHeal*2 rC+}
  9310 | D:9      | Found an iron altar of Okawaru.
  9354 | D:9      | Noticed a two-headed ogre
  9357 | D:9      | Found a radiant altar of Vehumet.
  9365 | D:9      | Killed a two-headed ogre
  9365 | D:9      | Reached skill level 1 in Armour
  9365 | D:9      | Reached skill level 1 in Invocations
  9554 | D:10     | Entered Level 10 of the Dungeon
  9701 | D:10     | Killed an unseen horror
  9701 | D:10     | Reached ** piety under Sif Muna
  9701 | D:10     | Reached skill level 2 in Armour
  9701 | D:10     | Reached skill level 4 in Translocations
  9701 | D:10     | Reached skill level 10 in Earth Magic
  9701 | D:10     | Reached skill level 2 in Invocations
 10087 | D:10     | Found Vonoiw's Island Escapes.
 10093 | D:10     | Noticed a green ugly thing
 10107 | D:10     | Killed a green ugly thing
 10107 | D:10     | Reached skill level 6 in Fighting
 10107 | D:10     | Reached skill level 3 in Armour
 10107 | D:10     | Reached skill level 7 in Conjurations
 10107 | D:10     | Reached skill level 3 in Invocations
 10107 | D:10     | Reached XP level 11. HP: 64/64 MP: 6/22
 10394 | D:10     | Bought a scroll of fog for 22 gold pieces
 10394 | D:10     | Bought a potion of invisibility for 88 gold pieces
 10394 | D:10     | Bought a scroll of teleportation for 33 gold pieces
 11103 | D:10     | Upgraded the game from 0.22-a0-880-gb7b0c8b to 0.23-a0-8-gb809bb7
 11116 | D:11     | Reached skill level 4 in Armour
 11607 | D:11     | Reached skill level 7 in Fighting
 11944 | D:11     | Found Owkauvun's Gadget Shop.
 11996 | D:11     | Reached skill level 5 in Armour
 12009 | D:11     | Reached *** piety under Sif Muna
 12175 | D:12     | Reached skill level 1 in Evocations
 12331 | D:12     | Reached skill level 5 in Translocations
 12487 | D:12     | Noticed a cyclops
 12491 | D:12     | Killed a cyclops
 12625 | D:12     | Reached skill level 8 in Spellcasting
 12804 | D:12     | Reached skill level 6 in Armour
 12916 | D:12     | Noticed an orc knight
 12967 | D:11     | Killed an orc knight
 12967 | D:11     | Reached skill level 2 in Evocations
 13295 | D:12     | Reached XP level 12. HP: 72/72 MP: 3/24
 13313 | D:12     | Reached skill level 8 in Conjurations
 13470 | D:12     | Found a roughly hewn altar of Beogh.
 13470 | D:12     | Found a staircase to the Orcish Mines.
 13982 | D:6      | Bought a runed hat for 189 gold pieces
 14461 | D:13     | Reached skill level 3 in Evocations
 14594 | D:13     | Reached skill level 11 in Earth Magic
 14628 | D:13     | Reached skill level 7 in Armour
 14637 | D:13     | Reached **** piety under Sif Muna
 14919 | D:13     | Noticed an ogre mage
 14919 | D:13     | Noticed a two-headed ogre
 14920 | D:13     | Noticed a two-headed ogre
 14932 | D:13     | Killed a two-headed ogre
 14933 | D:13     | Killed a two-headed ogre
 14933 | D:13     | Reached skill level 4 in Evocations
 14935 | D:13     | Killed an ogre mage
 15012 | D:13     | Noticed a four-headed hydra
 15152 | D:13     | Reached skill level 6 in Translocations
 15332 | D:13     | Noticed a centaur warrior
 15339 | D:13     | Noticed a great orb of eyes
 15379 | D:13     | Found Ahuh's Food Shoppe.
 15792 | D:8      | Reached skill level 5 in Evocations
 15929 | D:8      | Found a staircase to the Lair.
 16020 | Lair:1   | Entered Level 1 of the Lair of Beasts
 16035 | Lair:1   | Noticed a six-headed hydra
 16054 | Lair:1   | Killed a six-headed hydra
 16054 | Lair:1   | Reached skill level 9 in Spellcasting
 16722 | Lair:1   | Reached skill level 12 in Earth Magic
 16722 | Lair:1   | Reached skill level 4 in Invocations
 16836 | Lair:1   | Reached XP level 13. HP: 62/76 MP: 21/26
 17157 | Lair:1   | Found the +8 whip "Snakebite" {curare, rPois}
 17587 | Lair:2   | Reached skill level 4 in Dodging
 17858 | Lair:1   | Reached skill level 1 in Maces & Flails
 18151 | Lair:2   | Reached skill level 5 in Invocations
 18772 | Lair:3   | Reached skill level 2 in Maces & Flails
 19201 | Lair:3   | Found a staircase to the Swamp.
 19989 | Lair:4   | Found a dark tunnel.
 20022 | Volcano  | Entered a volcano
 20243 | Volcano  | Found a radiant altar of Vehumet.
 20244 | Volcano  | Noticed a red draconian
 20262 | Volcano  | Reached skill level 3 in Maces & Flails
 20266 | Volcano  | Killed a red draconian
 20274 | Volcano  | Reached skill level 6 in Invocations
 20328 | Volcano  | Reached skill level 8 in Armour
 20328 | Volcano  | Reached skill level 5 in Dodging
 20330 | Volcano  | Reached skill level 8 in Fighting
 20818 | Lair:4   | Reached skill level 4 in Maces & Flails
 21124 | Lair:4   | Got a jewelled glaive
 21130 | Lair:4   | Identified the +0 glaive of Responsibility {holy, rF++ rC++ Dex-2} (You found it on level 4 of the Lair of Beasts)
 21474 | Lair:4   | Found a staircase to the Snake Pit.
 21484 | Lair:4   | Reached skill level 5 in Maces & Flails
 21546 | Lair:4   | Reached ***** piety under Sif Muna
 21554 | Lair:4   | Reached skill level 10 in Spellcasting
 21558 | Lair:4   | Reached skill level 6 in Maces & Flails
 22169 | Lair:5   | Gained mutation: Your large and strong wings let you fly indefinitely. [Gargoyle growth]
 22169 | Lair:5   | Reached XP level 14. HP: 84/84 MP: 28/28
 22203 | Lair:5   | Reached skill level 7 in Maces & Flails
 22249 | Lair:5   | Found a frozen archway.
 22288 | Lair:5   | HP: 18/84 [spiny frog (5)]
 22292 | Lair:5   | HP: 4/84 [spiny frog (15)]
 22304 | Lair:5   | Identified Efejy's Collected Works on Glacial Curses (Sif Muna gifted it to you on level 5 of the Lair of Beasts)
 22304 | Lair:5   | Received a gift from Sif Muna
 22329 | IceCv    | Entered an ice cave
 22341 | IceCv    | Found a transporter.
 22416 | IceCv    | Found a transporter.
 22422 | IceCv    | HP: 20/84 [ice statue/shard of ice (18)]
 22428 | IceCv    | HP: 17/84 [ice statue] (4)]
 22445 | IceCv    | HP: 20/84 [ice beast[an ice statue] (2)]
 22771 | IceCv    | Reached skill level 8 in Maces & Flails
 23374 | Lair:5   | Found a runed gate.
 23609 | Lair:5   | Found the +2 hat of the Bear Spirit {Spirit, +Rage rN+ MR++}
 23743 | Lair:5   | Reached skill level 9 in Maces & Flails
 23765 | Lair:5   | Found a runed gate.
 23765 | Lair:5   | Found a runed gate.
 23831 | Lair:5   | Noticed Zenkrye's ghost (journeyman DDEE)
 23832 | Lair:5   | Noticed Ypehuijo's ghost (journeyman OpFi)
 23832 | Lair:5   | Noticed Ribudoz's ghost (journeyman GnFi)
 23832 | Lair:5   | Noticed Qoypruj's ghost (journeyman MiGl)
 23834 | Lair:5   | Noticed SlowGraham's ghost (journeyman DgCj)
 24091 | Lair:6   | Entered Level 6 of the Lair of Beasts
 24123 | Lair:6   | Found a runed gate.
 24133 | Lair:6   | Found a runed gate.
 24133 | Lair:6   | Found a runed gate.
 24140 | Lair:6   | Noticed Tsarbomb's ghost (journeyman HOMo)
 24236 | Lair:6   | Found a runed door.
 24236 | Lair:6   | Found a viscous altar of Jiyva.
 24236 | Lair:6   | Noticed an acid blob
 24237 | Lair:6   | Found a staircase to the Slime Pits.
 24256 | Lair:6   | HP: 20/84 [acid blob/splash of acid (14)]
 24256 | Lair:6   | HP: 9/84 [acid (11)]
 24258 | Lair:6   | Killed an acid blob
 24269 | Lair:6   | HP: 16/84 [slime creature (9)]
 24291 | Lair:6   | HP: 21/84 [black mamba (1)]
 24294 | Lair:6   | HP: 7/84 [water moccasin (5)]
 24309 | Lair:5   | HP: 20/84 [black mamba (6)]
 24315 | Lair:5   | Reached skill level 11 in Spellcasting
 24992 | Lair:6   | Reached skill level 10 in Maces & Flails
 25879 | Lair:6   | Noticed a dire elephant
 25879 | Lair:6   | Noticed a dire elephant
 25939 | Lair:6   | Killed a dire elephant
 25967 | Lair:6   | Killed a dire elephant
 26212 | Lair:6   | Noticed a dire elephant
 26228 | Lair:6   | Killed a dire elephant
 26282 | Lair:6   | Noticed a dire elephant
 26299 | Lair:6   | Killed a dire elephant
 26620 | D:12     | Reached skill level 11 in Maces & Flails
 26643 | D:13     | Reached XP level 15. HP: 88/88 MP: 30/30
 27033 | D:13     | Got a shimmering long sword
 27038 | D:13     | Identified the +8 long sword "Fuducs" {freeze, rN+} (You found it on level 13 of the Dungeon)
 27086 | D:13     | Found a gate to the Vaults.
 27162 | D:13     | Identified A Primer on Wizardry
 27193 | D:13     | Got a faintly glowing granite ring
 27202 | D:13     | Identified the ring "Feumi" {rN++ MP+9 Str-2 Dex+4 Stlth-} (You found it on level 13 of the Dungeon)
 27383 | D:13     | Reached skill level 12 in Maces & Flails
 27461 | D:13     | Reached skill level 12 in Spellcasting
 27737 | D:13     | Learned a level 6 spell: Iron Shot
 28355 | D:14     | Found Mixkoimp's Book Shop.
 28359 | D:14     | Received a gift from Sif Muna
 28648 | D:14     | Noticed Azrael
 28679 | D:14     | Killed Azrael
 28919 | D:14     | Upgraded the game from 0.23-a0-8-gb809bb7 to 0.23-a0-14-g8c9a20f
 29120 | D:14     | Got a scorched chain mail
 29208 | D:14     | Identified the +4 chain mail "Visuss" {Int+7} (You found it on level 14 of the Dungeon)
 29398 | D:15     | Entered Level 15 of the Dungeon
 29625 | D:15     | Found an opulent altar of Gozag.
 29718 | D:15     | Reached skill level 9 in Fighting
 29918 | D:15     | Reached skill level 9 in Conjurations
 29923 | D:15     | Reached skill level 6 in Dodging
 30510 | D:15     | Found a staircase to the Depths.
 30643 | D:15     | Reached XP level 16. HP: 94/96 MP: 32/32
 31421 | Orc:1    | Entered Level 1 of the Orcish Mines
 31669 | Orc:2    | Entered Level 2 of the Orcish Mines
 31740 | Orc:1    | Found a shimmering altar of Xom.
 32003 | Orc:1    | Found a roughly hewn altar of Beogh.
 32193 | Orc:2    | Found Xiumputt's Jewellery Emporium.
 32319 | Orc:2    | Found a staircase to the Elven Halls.
 32347 | Orc:2    | Received a gift from Sif Muna
 32663 | Orc:2    | HP: 22/96 [orc high priest/divine providence (7)]
 32683 | Orc:2    | HP: 19/96 [orc high priest/divine providence (7)]
 33756 | Orc:2    | Reached skill level 10 in Conjurations
 33960 | Orc:2    | Found Guxeirph's Antique Weapon Shop.
 33963 | Orc:2    | Found Cigeuju's Antique Weapon Boutique.
 33965 | Orc:2    | Found Suighihi's General Store.
 33966 | Orc:2    | Found Disoinil's Magic Scroll Shop.
 33968 | Orc:2    | Bought a scroll of summoning for 133 gold pieces
 34390 | Swamp:1  | Entered Level 1 of the Swamp
 34429 | Swamp:1  | Reached skill level 10 in Fighting
 34461 | Swamp:1  | Reached skill level 7 in Dodging
 35145 | Swamp:1  | Reached skill level 13 in Earth Magic
 36219 | Swamp:2  | Noticed a thorn hunter
 36226 | Swamp:2  | Killed a thorn hunter
 36462 | Swamp:2  | Noticed a thorn hunter
 36469 | Swamp:2  | Killed a thorn hunter
 36638 | Swamp:2  | Noticed a thorn hunter
 36999 | Swamp:2  | Killed a thorn hunter
 37874 | Swamp:2  | HP: 24/99 [seven-headed hydra (2)]
 37900 | Swamp:2  | HP: 24/99 [seven-headed hydra (1)]
 38521 | Swamp:3  | Identified Sif Muna's Grimoire of Combat Magic (Sif Muna gifted it to you on level 3 of the Swamp)
 38521 | Swamp:3  | Received a gift from Sif Muna
 38791 | Swamp:3  | Noticed a thorn hunter
 38797 | Swamp:3  | Killed a thorn hunter
 38797 | Swamp:3  | Reached skill level 11 in Fighting
 38797 | Swamp:3  | Reached skill level 11 in Conjurations
 39145 | Swamp:3  | Reached skill level 8 in Dodging
 39263 | Swamp:3  | Reached XP level 17. HP: 99/104 MP: 7/33
 39898 | Swamp:4  | Entered Level 4 of the Swamp
 39903 | Swamp:4  | Reached skill level 13 in Spellcasting
 41144 | Swamp:4  | Reached skill level 12 in Conjurations
 41299 | Swamp:4  | Reached skill level 12 in Fighting
 41358 | Swamp:3  | HP: 24/106 [slime creature (3)]
 41363 | Swamp:3  | HP: 24/106 [slime creature (1)]
 41370 | Swamp:3  | Reached skill level 14 in Earth Magic
 41374 | Swamp:3  | HP: 23/106 [slime creature (3)]
 41388 | Swamp:3  | HP: 18/106 [slime creature (7)]
 42137 | Swamp:4  | Reached skill level 15 in Earth Magic
 42293 | Swamp:4  | Got a decaying rune of Zot
 42301 | Swamp:4  | Identified Giept's Reference Book on Attacks (Sif Muna gifted it to you on level 4 of the Swamp)
 42301 | Swamp:4  | Received a gift from Sif Muna
 43089 | Elf:1    | Entered Level 1 of the Elven Halls
 43350 | Elf:1    | Got a translucent flail
 43377 | Elf:1    | Identified the +7 flail "Giped" {crush, +Blink rC+ rN+ Dex+4} (You found it on level 1 of the Elven Halls)
 43571 | Elf:1    | Noticed Frances
 43585 | Elf:1    | Killed Frances
 44775 | Elf:2    | Noticed Saint Roka
 44961 | Elf:2    | Noticed Roxanne
 45060 | Elf:2    | Found Huacsi's Weapon Shop.
 45101 | Elf:2    | Reached XP level 18. HP: 112/112 MP: 33/35
 45502 | Elf:2    | Found a runed gate.
 45509 | Elf:2    | Found a runed gate.
 45509 | Elf:2    | Found a runed gate.
 45856 | Vaults:1 | Entered Level 1 of the Vaults
 45892 | D:13     | Reached skill level 9 in Armour
 46036 | Vaults:1 | Reached skill level 7 in Invocations
 46409 | Vaults:1 | Reached skill level 16 in Earth Magic
 46409 | Vaults:1 | Reached skill level 6 in Evocations
 46826 | Vaults:1 | HP: 27/112 [deep elf knight/orb of energy[an ironheart preserver] (25)]
 47335 | Vaults:1 | Learned a level 9 spell: Shatter
 47392 | Vaults:1 | HP: 21/112 [vault warden/long sword (23)]
 47393 | Vaults:1 | HP: 9/112 [ogre/giant club[an ironheart preserver] (9)]
 47761 | Vaults:1 | HP: 28/112 [orc knight/halberd[a glowing orange brain] (7)]
 47767 | Vaults:1 | HP: 26/112 [two-headed ogre/giant spiked club (3)]
 48371 | Snake:1  | Entered Level 1 of the Snake Pit
 48414 | Snake:1  | Reached skill level 8 in Invocations
 48425 | Snake:1  | HP: 28/112 [naga warrior/flail (14)]
 48867 | Snake:1  | Reached skill level 10 in Armour
 49078 | Lair:4   | Reached skill level 7 in Evocations
 49352 | Snake:1  | Got a citrine-encrusted chain mail
 49437 | Snake:1  | Received a gift from Sif Muna
 49446 | Snake:1  | Learned a level 5 spell: Borgnjor's Vile Clutch
 50395 | Snake:2  | Reached skill level 1 in Necromancy
 50866 | Snake:2  | Reached XP level 19. HP: 118/118 MP: 33/36
 50915 | Snake:2  | Found Joytroq's Magic Scroll Emporium.
 50925 | Snake:2  | Got a bloodstained ring mail
 51028 | Snake:1  | Identified the +4 chain mail "Orull" {*Contam rN+ rCorr} (You found it on level 1 of the Snake Pit)
 51038 | Snake:1  | Identified the cursed +0 ring mail "Xypn" {rC+ Dex+3} (You found it on level 2 of the Snake Pit)
 51541 | Snake:2  | Reached skill level 13 in Fighting
 51756 | Snake:2  | Reached skill level 2 in Necromancy
 52816 | Snake:2  | Bought 3 scrolls of teleportation for 162 gold pieces
 52816 | Snake:2  | Bought a scroll of teleportation for 54 gold pieces
 52816 | Snake:2  | Bought a scroll of teleportation for 54 gold pieces
 52816 | Snake:2  | Bought a scroll of blinking for 135 gold pieces
 53175 | Snake:2  | Learned a level 3 spell: Regeneration
 53749 | Snake:3  | Reached skill level 3 in Necromancy
 54166 | Snake:3  | Reached skill level 17 in Earth Magic
 54709 | Snake:3  | Received a gift from Sif Muna
 55698 | Snake:4  | Entered Level 4 of the Snake Pit
 55792 | Snake:4  | Reached skill level 4 in Necromancy
 56811 | Snake:4  | Reached skill level 14 in Fighting
 57503 | Snake:4  | Reached skill level 14 in Spellcasting
 57994 | Snake:4  | Noticed Kirke
 58165 | Snake:4  | Reached ****** piety under Sif Muna
 58186 | Snake:4  | Killed Kirke
 58186 | Snake:4  | Reached skill level 13 in Conjurations
 58541 | Snake:4  | Reached XP level 20. HP: 114/128 MP: 5/38
 59134 | Snake:4  | Reached skill level 15 in Fighting
 59143 | Snake:4  | Identified Sif Muna's Collected Works on Lightness (Sif Muna gifted it to you on level 4 of the Snake Pit)
 59143 | Snake:4  | Received a gift from Sif Muna
 59592 | Snake:4  | Got a serpentine rune of Zot
 59850 | Snake:4  | Reached skill level 5 in Shields
 60751 | Lair:5   | Killed Ribudoz's ghost
 60772 | Lair:5   | Killed Qoypruj's ghost
 60780 | Lair:5   | Killed Zenkrye's ghost
 60788 | Lair:5   | Killed Ypehuijo's ghost
 60806 | Lair:5   | Killed SlowGraham's ghost
 60806 | Lair:5   | Reached skill level 14 in Conjurations
 60823 | Lair:5   | Got a heavily runed silver ring
 60973 | Lair:5   | Identified the Compendium of Creative Unholy Rituals
 60982 | Lair:5   | Got a polished ring mail
 60993 | Lair:5   | Identified the +4 ring mail of the Devil's Team {rF- Dex+3 Slay+2 Stlth+} (You found it on level 5 of the Lair of Beasts)
 60994 | Lair:5   | Identified the ring "Volood" {rCorr rPois Str+4 Dex-4} (You found it on level 5 of the Lair of Beasts)
 61330 | Lair:5   | HP: 31/129 [Tsarbomb's ghost (23)]
 61337 | Lair:5   | HP: 5/129 [Tsarbomb's ghost (23)]
 61342 | Lair:5   | HP: 16/129 [Tsarbomb's ghost (10)]
 61351 | Lair:5   | Killed Tsarbomb's ghost
 62239 | Elf:2    | Killed Roxanne
 62527 | Elf:2    | Killed Saint Roka
 62527 | Elf:2    | Reached skill level 6 in Shields
 62712 | Elf:2    | Noticed Donald
 62717 | Elf:2    | Killed Donald
 63464 | Elf:2    | Noticed Louise
 63509 | Elf:2    | Reached skill level 7 in Shields
 63515 | Elf:2    | Killed Louise
 64220 | Elf:3    | Entered Level 3 of the Elven Halls
 64622 | Elf:3    | Reached skill level 15 in Conjurations
 64806 | Elf:3    | Reached skill level 8 in Shields
 64826 | Elf:3    | Identified Sif Muna's Grimoire of Twisted Flames (Sif Muna gifted it to you on level 3 of the Elven Halls)
 64826 | Elf:3    | Received a gift from Sif Muna
 65041 | Elf:3    | Reached XP level 21. HP: 104/134 MP: 3/39
 65048 | Elf:3    | Reached skill level 15 in Spellcasting
 65292 | Elf:3    | Reached skill level 9 in Shields
 65349 | Elf:3    | Reached skill level 10 in Shields
 66071 | Elf:3    | Reached skill level 11 in Shields
 66127 | Elf:3    | Got a pitted flail {flame}
 66262 | Elf:3    | Identified the +4 flail of Subterfuge {flame, rPois MR++ Str+2 Stlth-} (You took it off a deep elf demonologist on level 3 of the Elven Halls)
 66477 | Elf:3    | Got an ichor-stained scale mail
 66530 | Elf:3    | Identified Sif Muna's Guide on Supportive Evil Arts
 66663 | Elf:3    | Got a brightly glowing mace
 66664 | Elf:3    | Identified the +4 mace "Udielus" {pain, rPois SInv Stlth+} (You found it on level 3 of the Elven Halls)
 67341 | Elf:3    | Got a faintly glowing granite ring
 67469 | Elf:3    | Identified the +8 scale mail of the Pits of Slime {rElec} (You found it on level 3 of the Elven Halls)
 67481 | Elf:3    | Identified the ring "Jeren" {rF- rN+ Str+2 Dex+5} (You found it on level 3 of the Elven Halls)
 67763 | Depths:1 | Entered Level 1 of the Depths
 67789 | D:15     | Reached skill level 12 in Shields
 68179 | Vaults:1 | Reached skill level 9 in Invocations
 68444 | Vaults:1 | Found Weasuam's Book Shop.
 69452 | Vaults:1 | Reached skill level 10 in Invocations
 69704 | Vaults:1 | Reached skill level 13 in Shields
 70220 | Vaults:2 | Reached XP level 22. HP: 133/140 MP: 29/41
 70425 | Vaults:2 | Reached skill level 16 in Spellcasting
 70648 | Vaults:2 | Noticed Jory
 70861 | Vaults:2 | Found a portal to a secret trove of treasure.
 70971 | Vaults:2 | Killed Jory
 70971 | Vaults:2 | Reached skill level 1 in Charms
 71294 | Vaults:2 | Reached skill level 11 in Invocations
 71298 | Vaults:2 | Reached skill level 2 in Charms
 71546 | Vaults:2 | Identified Sif Muna's Incunabulum of Blows and Bruises and Translocation (Sif Muna gifted it to you on level 2 of the Vaults)
 71546 | Vaults:2 | Received a gift from Sif Muna
 72015 | Vaults:2 | Found a staircase to the Crypt.
 72029 | Vaults:2 | Reached skill level 3 in Charms
 72580 | Orc:2    | Bought a scroll of identify for 28 gold pieces
 72580 | Orc:2    | Bought a scroll of enchant armour for 105 gold pieces
 72580 | Orc:2    | Bought a scroll of identify for 28 gold pieces
 72580 | Orc:2    | Bought a scroll of enchant armour for 105 gold pieces
 73074 | Vaults:3 | Reached skill level 14 in Shields
 73482 | Vaults:3 | Found Kaluppes's Assorted Antiques.
 73495 | Vaults:3 | Bought a scroll of identify for 54 gold pieces
 73527 | Vaults:3 | Upgraded the game from 0.23-a0-14-g8c9a20f to 0.23-a0-29-g1be82e5
 73583 | Vaults:3 | Learned a level 7 spell: Orb of Destruction
 74127 | Vaults:3 | Reached skill level 12 in Invocations
 75591 | Vaults:4 | Identified Sif Muna's Grimoire of the Creative Compass (Sif Muna gifted it to you on level 4 of the Vaults)
 75591 | Vaults:4 | Received a gift from Sif Muna
 75600 | Vaults:4 | Reached skill level 15 in Shields
 75743 | Vaults:4 | Reached XP level 23. HP: 142/144 MP: 43/43
 75831 | Vaults:4 | Reached skill level 13 in Invocations
 76082 | Vaults:4 | Reached skill level 18 in Earth Magic
 76492 | Vaults:4 | Found Suuwett's Antique Weapon Boutique.
 76552 | Vaults:4 | Reached skill level 14 in Invocations
 76744 | Vaults:4 | Reached skill level 16 in Conjurations
 76751 | Vaults:4 | Noticed Mennas
 76790 | Vaults:4 | Killed Mennas
 76838 | Vaults:4 | Identified Sif Muna's Papyrus of Damaging Boosts (Sif Muna gifted it to you on level 4 of the Vaults)
 76838 | Vaults:4 | Received a gift from Sif Muna
 76861 | Vaults:4 | Reached skill level 17 in Spellcasting
 77463 | Vaults:4 | Found a radiant altar of Vehumet.
 77469 | Vaults:4 | Got an opalescent robe
 77471 | Vaults:4 | Got a steaming robe
 77484 | Vaults:4 | Got a faintly humming hat
 77491 | Vaults:4 | Identified the cursed +0 hat of Dim Light {rElec rPois rC+ Slay+3} (You found it on level 4 of the Vaults)
 77493 | Vaults:4 | Identified the +0 robe of the Monkey's Uncle {Regen+ Int+2} (You found it on level 4 of the Vaults)
 77494 | Vaults:4 | Identified the +2 robe of Untes {rC++} (You found it on level 4 of the Vaults)
 77645 | Vaults:3 | Bought a scroll of brand weapon for 540 gold pieces
 78218 | Depths:1 | Found a gateway to Hell.
 78726 | Depths:1 | Learned a level 9 spell: Fire Storm
 78876 | Depths:1 | Reached skill level 1 in Fire Magic
 78896 | Depths:1 | HP: 33/144 [something (18)]
 78899 | Depths:1 | HP: 12/144 [vampire knight/bardiche of flaming (13)]
 79255 | Depths:1 | Reached skill level 19 in Earth Magic
 79257 | Depths:1 | Reached XP level 24. HP: 150/150 MP: 44/44
 79272 | Depths:1 | Reached skill level 2 in Fire Magic
 79277 | Depths:1 | Identified Sif Muna's Catalogue of the Rocks and the Oath (Sif Muna gifted it to you on level 1 of the Depths)
 79277 | Depths:1 | Received a gift from Sif Muna
 79278 | Depths:1 | Reached skill level 15 in Invocations
 79431 | Depths:1 | Found a gateway to a ziggurat.
 79580 | Depths:1 | Identified Unaror's Reference Book on Congealing Curses
 79822 | Depths:1 | Reached skill level 3 in Fire Magic
 80125 | Depths:1 | Found a one-way gate leading to the halls of Pandemonium.
 80262 | Depths:2 | HP: 29/150 [deep troll (21)]
 80264 | Depths:2 | HP: 13/150 [yaktaur/bolt (16)]
 80272 | Depths:2 | Reached skill level 4 in Stealth
 80286 | Depths:2 | Reached skill level 17 in Conjurations
 80287 | Depths:2 | HP: 31/150 [frost giant/bolt of cold (18)]
 80292 | Depths:2 | HP: 24/150 [frost giant/bolt of cold (13)]
 80499 | Depths:2 | Got an ancient great mace
 80660 | Depths:2 | HP: 33/150 [deep troll earth mage/Lee's Rapid Deconstruction (14)]
 80670 | Depths:1 | HP: 26/150 [deep troll shaman (3)]
 81064 | Depths:1 | HP: 29/150 [iron troll (16)]
 81070 | Depths:1 | HP: 23/150 [iron troll (7)]
 81439 | Depths:2 | Reached skill level 5 in Stealth
 81660 | Depths:1 | Reached skill level 4 in Fire Magic
 82220 | Depths:2 | Reached skill level 6 in Stealth
 82373 | Depths:2 | Noticed a caustic shrike
 82377 | Depths:2 | Killed a caustic shrike
 82409 | Depths:2 | Got a turquoise-encrusted leather armour
 82410 | Depths:2 | Identified the +5 great mace "Sawur" {vamp, Int+5} (You found it on level 2 of the Depths)
 82421 | Depths:2 | Identified the +2 leather armour of Puosk {Str+4 Dex+6 Slay-2} (You found it on level 2 of the Depths)
 82599 | Depths:2 | Noticed a caustic shrike
 82604 | Depths:2 | Killed a caustic shrike
 82622 | Depths:2 | Reached skill level 16 in Invocations
 82950 | Depths:2 | Reached skill level 7 in Stealth
 82963 | Depths:2 | Identified Sif Muna's Compendium of Creative Evil Rituals (Sif Muna gifted it to you on level 2 of the Depths)
 82963 | Depths:2 | Received a gift from Sif Muna
 82976 | Depths:2 | Learned a level 9 spell: Shatter
 83197 | Depths:2 | Reached skill level 5 in Fire Magic
 83244 | Depths:2 | HP: 37/151 [deep troll (9)]
 83466 | Depths:2 | Reached XP level 25. HP: 114/156 MP: 44/44
 84374 | Depths:3 | Found Gopoetoch's Antique Weapon Boutique.
 84384 | Depths:3 | Reached skill level 8 in Stealth
 84708 | Depths:3 | Found Allumeha's Weapon Shop.
 84715 | Depths:3 | Found Ikkej's General Store.
 84734 | Depths:3 | Bought a potion of heal wounds for 65 gold pieces
 84741 | Depths:3 | Found a runed door.
 84793 | Depths:3 | Noticed a juggernaut
 84820 | Depths:3 | HP: 12/156 [juggernaut (54)]
 84823 | Depths:3 | Killed a juggernaut
 85252 | Depths:3 | Reached skill level 6 in Fire Magic
 85262 | Depths:3 | Identified the Disquisition on Unholy Magic
 85595 | Depths:3 | Paralysed by you for 6 turns
 85950 | Depths:3 | Reached skill level 18 in Spellcasting
 86014 | Depths:3 | Found Rigag's Magic Scroll Boutique.
 86151 | Depths:3 | Found Zupt's Gadget Shop.
 86155 | Depths:3 | Bought a scroll of silence for 97 gold pieces
 86209 | Depths:3 | Identified Sif Muna's Papyrus of Conjuration (Sif Muna gifted it to you on level 3 of the Depths)
 86209 | Depths:3 | Received a gift from Sif Muna
 86220 | Depths:3 | Learned a level 8 spell: Lehudib's Crystal Spear
 86226 | Depths:3 | Reached skill level 20 in Earth Magic
 86327 | Depths:3 | Reached skill level 16 in Fighting
 86958 | Depths:3 | Reached skill level 18 in Conjurations
 87246 | Depths:4 | Noticed a juggernaut
 87290 | Depths:3 | Killed a juggernaut
 87659 | Depths:3 | Bought a scroll of identify for 26 gold pieces
 87659 | Depths:3 | Bought a scroll of identify for 26 gold pieces
 87984 | Vaults:3 | Bought a scroll of identify for 54 gold pieces
 88451 | Slime:1  | Entered Level 1 of the Pits of Slime
 88947 | Slime:2  | Gained mutation: You are weak. (Str -2) [a shining eye]
 89058 | Slime:2  | Gained mutation: Armour fits poorly on your strangely shaped body. [a shining eye]
 89140 | Slime:1  | Reached XP level 26. HP: 165/165 MP: 13/45
 89519 | Slime:3  | Gained mutation: You are very weak. (Str -4) [a shining eye]
 89652 | Slime:5  | Entered Level 5 of the Pits of Slime
 89718 | Slime:4  | Reached skill level 17 in Fighting
 89731 | Slime:5  | Received a gift from Sif Muna
 90681 | Slime:5  | Noticed the Royal Jelly
 90717 | Slime:5  | HP: 36/166 [azure jelly[the Royal Jelly] (7)]
 90717 | Slime:5  | Slain by an azure jelly

Vault maps used:
D:1:      dpeg_arrival_refuge, hangedman_abyss_or_decor_lesser_grid,
          minmay_stone_trees_medium, minmay_misc_feat_plants
D:4:      grunt_temple_overflow_open
D:5:      first_ration, columned_hall_lemuel
D:6:      nemelex_xobeh_ov_fountains_minmay, enter_ossuary_1, serial_shops,
          kennysheep_mini
D:7:      temple_doors_e, grunt_ogre_cave
D:8:      old_standard_altar, lemuel_round_altar,
          chequers_temple_overflow_statue_of_worship, erik_lair_dragon
D:9:      vehumet_crystals, minmay_misc_feat_pillars, minmay_misc_feat_doors,
          kennysheep_okawaru_gauntlet
D:10:     nicolae_island_escapes
D:11:     serial_shops, kennysheep_mini_moat
D:12:     david_orc_5, minmay_misc_feat_more_columns
D:13:     minmay_the_grid_4x2, david_vaults_2, serial_shops,
          nicolae_shop_behind_doors, minivault_15, minmay_protected_statue
D:14:     serial_shops, nicolae_shop_behind_doors, kennysheep_crisscross,
          uniq_azrael
D:15:     gammafunk_enter_depths_forms, minivault_16, minivault_26,
          nrook_mini_backslash, nicolae_gozag_cash_rules_everything_around_me
Temple:   minmay_temple_curvy_branch
Lair:1:   minmay_guarded_unrand_snakebite, disabler_island, grunt_megastairs_5
Lair:2:   grunt_megastairs_4
Lair:3:   minmay_swamp_entry_swarm
Lair:4:   minmay_snake_entry_guardpost_small, enter_volcano_3,
          serial_bayou_lagoon_b
Lair:5:   portal_ice_cave_entry_ice_beasts, gammafunk_ghost_cemetery,
          bh_autumn_forest_stairs, dpeg_oklob_1, minmay_lair_oklob_chamber
Lair:6:   due_jungle_book, slime_altar_2, maelrawn_ghost_labyrinth_escape,
          grunt_megastairs_3, infiniplex_staircase_pool
Swamp:1:  hangedman_swamp_blocks, swamp_pool1, nicolae_swamp_fairy_circle,
          statue_in_the_mist_lemuel
Swamp:2:  nicolae_swamp_phyte_club, evilmike_swamp_ruin_house_5
Swamp:3:  evilmike_swamp_ruin_rubble_1
Swamp:4:  swamp_vile, infiniplex_staircase_pool_2
Snake:2:  serial_shops, shop, spider_trap
Snake:4:  johnstein_snake_rune_scales, nrook_guardian_serpent_ordinary,
          uniq_kirke
Slime:2:  nicolae_slime_jelly_donut
Orc:1:    nicolae_orc_accident_2, basic_altar
Orc:2:    st_orc_pillars, serial_shops, nicolae_shop_trees
Elf:1:    eino_elf_arrival_sip, minmay_elf_crystal_hexagon, st_stairs_11,
          hangedman_decor_cross_pass, uniq_frances
Elf:2:    serial_shops, shop_coins, basic_loot_grate_trap, dk_noncrumbling_4,
          uniq_saint_roka, uniq_louise, uniq_roxanne, uniq_donald
Elf:3:    minmay_elf_hall, hangedman_elf_disciples
Vaults:1: nicolae_vaults_network_barrier,
          nicolae_vaults_windows_and_doors_thing, vaults_mumra_minichess,
          ontoclasm_vaults_fault, nicolae_vaults_little_ls,
          vaults_room_fancy_cross, vaults_dpeg_hooks, dpeg_vaults_monster_box,
          vaults_room_door_hall, hangedman_vaults_stretched_pinwheel,
          nicolae_vaults_asterisk, vaults_dpeg_ring, serial_shops,
          nicolae_shop_statue_plus
Vaults:2: ontoclasm_vaults_decontamination, vaults_room_fancy_cross,
          hangedman_vaults_trim, hangedman_vaults_capsules, v_pattern_2,
          hangedman_vaults_locks, grunt_vaults_hallway_short,
          ontoclasm_vaults_shout, vaults_mumra_lcd, blue_anna_dwarven_crypt,
          hangedman_vaults_trim, enter_trove_1, uniq_jory
Vaults:3: vaults_mumra_hex, v_rooms_5, nicolae_vaults_theta, v_pattern_5,
          v_misc_27, nicolae_vaults_little_squares_2, vaults_room_fours,
          hangedman_vaults_nails, ontoclasm_vaults_gateway,
          nicolae_vaults_circle_grid_a, serial_shops, shop
Vaults:4: grunt_vaults_swirl, grunt_tower_of_power, v_misc_28,
          nicolae_vaults_stairing_the_circle, grunt_vaults_focal,
          hangedman_vaults_pinch, ontoclasm_vaults_ligature,
          nicolae_vaults_what_the_h, v_pattern_3, serial_shops,
          nicolae_shop_window_shopping, uniq_mennas
Depths:1: enter_ziggurat_f, rand_demon_pan_entry_1, bh_walls_and_bars,
          hell_entry, minmay_three_doors
Depths:2: nooodl_heptagram, serial_sigils_hangedman_leer, mu_enter_wizlab_2,
          hell_entry
Depths:3: kennysheep_room_grid, serial_shops, shop_fountains, shop, shop,
          hangedman_geh_valley, rand_demon_pan_entry_7, minmay_st_funbox,
          minmay_shoptagon
Depths:4: nicolae_whirlpool, abyss_entry_small_statue_room,
          serial_co_window_serial, co_window_corner_a, co_window_paths_a,
          co_window_corner_a, co_window_of_opportunity_a,
          co_window_of_opportunity_a, co_window_cross_3, co_window_corner_ca,
          co_window_unsneaky_path_e, co_window_broadway_c, co_window_corner_cb,
          glass_columns_a, glass_columns_c, glass_columns_a, glass_columns_a,
          hell_entry
Ossuary:  ossuary_tomb_1
IceCv:    ice_cave_statue_garden_transporter
Volcano:  kennysheep_volcano_temple

Skill      XL: |  1  2  3  4  5  6  7  8  9 10 11 12 13 14 15 16 17 18 19 20 21 22 23 24 25 26 |
---------------+-------------------------------------------------------------------------------+-----
Fighting       | 1 2 3 5 6 7 8 9 11 12 14 15 16 17 | 17.3
Earth Magic    | 4 5 6 7 9 10 12 13 15 16 17 19 20 | 20.6
Dodging        | 2 3 5 6 8 |  8.0
Stealth        | 3 7 8 |  8.0
Conjurations   | 1 2 4 5 6 7 8 9 11 12 13 15 16 17 18 | 18.4
Spellcasting   | 3 4 5 6 7 8 9 10 11 12 13 14 15 16 17 18 | 18.4
Shields        | 4 8 13 15 | 15.0
Translocations | 2 4 5 6 |  6.0
Armour         | 3 6 7 8 10 | 10.0
Invocations    | 3 4 6 8 10 12 14 16 | 16.7
Evocations     | 2 5 7 |  7.0
Maces & Flails | 6 11 12 | 12.8
Necromancy     | 1 4 |  4.0
Charms         | 3 |  3.0
Fire Magic     | 1 5 6 |  6.4
Transmutations | |  0.7

Action                   |  1- 3 |  4- 6 |  7- 9 | 10-12 | 13-15 | 16-18 | 19-21 | 22-24 | 25-27 || total
-------------------------+-------+-------+-------+-------+-------+-------+-------+-------+-------++-------
Melee: Whip              |   160 |    34 |       |       |  1475 |  1188 |  1349 |  1034 |       ||  5240
       Unarmed           |     3 |       |       |       |       |       |       |       |       ||     3
       Trident           |       |   104 |   323 |   608 |    12 |       |       |       |       ||  1047
       Flail             |       |       |       |       |       |   257 |       |       |       ||   257
       Sacred scourge    |       |       |       |       |       |       |       |   600 |   843 ||  1443
Throw: Stone             |       |     7 |     1 |       |       |       |       |       |       ||     8
       Tomahawk          |       |       |    15 |     8 |    19 |    11 |     6 |    13 |    11 ||    83
 Cast: Sandblast         |    11 |    15 |    34 |    31 |    24 |   138 |   120 |       |       ||   373
       Stone Arrow       |       |       |     4 |   126 |   167 |   387 |   492 |    53 |    33 ||  1262
       Apportation       |       |       |       |     1 |       |       |       |       |       ||     1
       Lee's Rapid Decon |       |       |       |    12 |    43 |    70 |    85 |    44 |     9 ||   263
       Iron Shot         |       |       |       |       |       |   107 |   126 |    48 |    56 ||   337
       Borgnjor's Vile C |       |       |       |       |       |     5 |    76 |   142 |    68 ||   291
       Regeneration      |       |       |       |       |       |       |     9 |     5 |     2 ||    16
       Orb of Destructio |       |       |       |       |       |       |       |     2 |       ||     2
       Lehudib's Crystal |       |       |       |       |       |       |       |       |     1 ||     1
Invok: Channel Magic     |       |       |       |       |       |       |    15 |     7 |     1 ||    23
 Abil: Fly               |       |       |       |       |     1 |       |       |     1 |       ||     2
       Evoke Blink       |       |       |       |       |       |     1 |       |       |       ||     1
       Stop Flying       |       |       |       |       |       |       |       |     1 |       ||     1
Evoke: Wand              |       |       |       |    17 |    16 |     1 |     1 |     1 |     2 ||    38
  Use: Scroll            |       |     1 |     5 |    13 |    15 |    22 |    11 |    17 |     2 ||    86
       Potion            |       |       |       |     1 |    10 |     7 |     4 |     4 |     1 ||    27
 Stab: Sleeping          |     2 |     6 |    16 |     1 |       |       |       |     4 |     3 ||    32
       Distracted        |       |       |     1 |     1 |       |       |       |       |       ||     2
       Paralysed         |       |       |       |    25 |       |       |       |       |       ||    25
       Invisible         |       |       |       |       |     5 |       |       |       |       ||     5
       Confused          |       |       |       |       |       |       |     2 |       |       ||     2
  Eat: Chunk             |     4 |     6 |    19 |    38 |    57 |    79 |    97 |    54 |    17 ||   371
       Ration            |       |       |     1 |       |       |     8 |     3 |       |     2 ||    14
Armor: Robe              |     8 |     6 |   110 |    10 |       |       |       |       |       ||   134
       Leather armour    |    76 |    28 |       |       |       |       |       |       |       ||   104
       Scale mail        |       |       |       |   422 |   775 |   808 |   331 |       |       ||  2336
       Ring mail         |       |       |       |       |       |       |   274 |   576 |   308 ||  1158
Dodge: Dodged            |   121 |    90 |   186 |   298 |   653 |   702 |   498 |   551 |   262 ||  3361
Block: Buckler           |       |       |     7 |   161 |   327 |   580 |   463 |    56 |       ||  1594
       Shield            |       |       |       |       |       |       |       |   979 |   601 ||  1580
       Reflection        |       |       |       |       |       |       |       |    52 |    22 ||    74

Table legend:
 A = Spawn XP
 B = Non-spawn XP
 C = Spawn XP percentage of total XP
 D = Spawn monster count
 E = Non-spawn monster count
 F = Spawn count percentage of total count
 G = Total turns spent on level
                    A         B        C        D         E        F      G
               +---------+---------+-------+---------+---------+-------+---------
         Total |       0 | 1143576 |   0.0 |       0 |    2154 |   0.0 | 90717
               +---------+---------+-------+---------+---------+-------+---------
           D:1 |       0 |      34 |   0.0 |       0 |      19 |   0.0 |  1132
           D:2 |       0 |     104 |   0.0 |       0 |      26 |   0.0 |  1450
           D:3 |       0 |     160 |   0.0 |       0 |      32 |   0.0 |   650
           D:4 |       0 |     465 |   0.0 |       0 |      19 |   0.0 |  1148
           D:5 |       0 |    1059 |   0.0 |       0 |      24 |   0.0 |   894
           D:6 |       0 |    1341 |   0.0 |       0 |      27 |   0.0 |  1030
           D:7 |       0 |     214 |   0.0 |       0 |       3 |   0.0 |   750
           D:8 |       0 |    2673 |   0.0 |       0 |      34 |   0.0 |  2216
           D:9 |       0 |    2394 |   0.0 |       0 |      21 |   0.0 |  1053
          D:10 |       0 |    3961 |   0.0 |       0 |      32 |   0.0 |  1683
          D:11 |       0 |    3928 |   0.0 |       0 |      34 |   0.0 |  1262
          D:12 |       0 |    4628 |   0.0 |       0 |      51 |   0.0 |  2540
          D:13 |       0 |   24592 |   0.0 |       0 |      66 |   0.0 |  3487
          D:14 |       0 |   12628 |   0.0 |       0 |      38 |   0.0 |  1739
          D:15 |       0 |   18798 |   0.0 |       0 |      49 |   0.0 |  2529
        Lair:1 |       0 |    8571 |   0.0 |       0 |      35 |   0.0 |  2454
        Lair:2 |       0 |    3136 |   0.0 |       0 |      20 |   0.0 |   979
        Lair:3 |       0 |    2067 |   0.0 |       0 |      11 |   0.0 |  1628
        Lair:4 |       0 |   12005 |   0.0 |       0 |      33 |   0.0 |  2210
        Lair:5 |       0 |   22644 |   0.0 |       0 |      53 |   0.0 |  2752
        Lair:6 |       0 |   24332 |   0.0 |       0 |      40 |   0.0 |  2641
       Swamp:1 |       0 |    6273 |   0.0 |       0 |      18 |   0.0 |  1146
       Swamp:2 |       0 |   19567 |   0.0 |       0 |      35 |   0.0 |  2707
       Swamp:3 |       0 |   15798 |   0.0 |       0 |      33 |   0.0 |  2677
       Swamp:4 |       0 |   35097 |   0.0 |       0 |      63 |   0.0 |  1892
       Snake:1 |       0 |   22962 |   0.0 |       0 |      38 |   0.0 |  2117
       Snake:2 |       0 |   23174 |   0.0 |       0 |      52 |   0.0 |  2248
       Snake:3 |       0 |   29742 |   0.0 |       0 |      53 |   0.0 |  3800
       Snake:4 |       0 |   60724 |   0.0 |       0 |     109 |   0.0 |  2953
       Slime:1 |       0 |    9181 |   0.0 |       0 |      15 |   0.0 |   109
       Slime:2 |       0 |    8587 |   0.0 |       0 |      23 |   0.0 |   383
       Slime:3 |       0 |    4346 |   0.0 |       0 |       8 |   0.0 |    98
       Slime:4 |       0 |    5439 |   0.0 |       0 |       9 |   0.0 |   475
       Slime:5 |       0 |   23079 |   0.0 |       0 |      33 |   0.0 |   794
         Orc:1 |       0 |    3618 |   0.0 |       0 |      31 |   0.0 |  1084
         Orc:2 |       0 |   11344 |   0.0 |       0 |      82 |   0.0 |  2130
         Elf:1 |       0 |   20905 |   0.0 |       0 |      32 |   0.0 |  2189
         Elf:2 |       0 |   40703 |   0.0 |       0 |      51 |   0.0 |  2785
         Elf:3 |       0 |   75524 |   0.0 |       0 |      70 |   0.0 |  3129
      Vaults:1 |       0 |   61973 |   0.0 |       0 |      97 |   0.0 |  3012
      Vaults:2 |       0 |   49760 |   0.0 |       0 |      76 |   0.0 |  3042
      Vaults:3 |       0 |   40617 |   0.0 |       0 |      56 |   0.0 |  2348
      Vaults:4 |       0 |  114758 |   0.0 |       0 |     135 |   0.0 |  2421
      Depths:1 |       0 |   95392 |   0.0 |       0 |     108 |   0.0 |  2562
      Depths:2 |       0 |   92519 |   0.0 |       0 |     102 |   0.0 |  3728
      Depths:3 |       0 |   99693 |   0.0 |       0 |      83 |   0.0 |  2389
      Depths:4 |       0 |   14966 |   0.0 |       0 |      19 |   0.0 |   269
       Ossuary |       0 |     310 |   0.0 |       0 |      38 |   0.0 |   487
         IceCv |       0 |    2731 |   0.0 |       0 |      10 |   0.0 |   638
       Volcano |       0 |    5060 |   0.0 |       0 |       8 |   0.0 |   601
               +---------+---------+-------+---------+---------+-------+---------

Vault maps used:
D:1:      dpeg_arrival_refuge, hangedman_abyss_or_decor_lesser_grid,
          minmay_stone_trees_medium, minmay_misc_feat_plants
D:4:      grunt_temple_overflow_open
D:5:      first_ration, columned_hall_lemuel
D:6:      nemelex_xobeh_ov_fountains_minmay, enter_ossuary_1, serial_shops,
          kennysheep_mini
D:7:      temple_doors_e, grunt_ogre_cave
D:8:      old_standard_altar, lemuel_round_altar,
          chequers_temple_overflow_statue_of_worship, erik_lair_dragon
D:9:      vehumet_crystals, minmay_misc_feat_pillars, minmay_misc_feat_doors,
          kennysheep_okawaru_gauntlet
D:10:     nicolae_island_escapes
D:11:     serial_shops, kennysheep_mini_moat
D:12:     david_orc_5, minmay_misc_feat_more_columns
D:13:     minmay_the_grid_4x2, david_vaults_2, serial_shops,
          nicolae_shop_behind_doors, minivault_15, minmay_protected_statue
D:14:     serial_shops, nicolae_shop_behind_doors, kennysheep_crisscross,
          uniq_azrael
D:15:     gammafunk_enter_depths_forms, minivault_16, minivault_26,
          nrook_mini_backslash, nicolae_gozag_cash_rules_everything_around_me
Temple:   minmay_temple_curvy_branch
Lair:1:   minmay_guarded_unrand_snakebite, disabler_island, grunt_megastairs_5
Lair:2:   grunt_megastairs_4
Lair:3:   minmay_swamp_entry_swarm
Lair:4:   minmay_snake_entry_guardpost_small, enter_volcano_3,
          serial_bayou_lagoon_b
Lair:5:   portal_ice_cave_entry_ice_beasts, gammafunk_ghost_cemetery,
          bh_autumn_forest_stairs, dpeg_oklob_1, minmay_lair_oklob_chamber
Lair:6:   due_jungle_book, slime_altar_2, maelrawn_ghost_labyrinth_escape,
          grunt_megastairs_3, infiniplex_staircase_pool
Swamp:1:  hangedman_swamp_blocks, swamp_pool1, nicolae_swamp_fairy_circle,
          statue_in_the_mist_lemuel
Swamp:2:  nicolae_swamp_phyte_club, evilmike_swamp_ruin_house_5
Swamp:3:  evilmike_swamp_ruin_rubble_1
Swamp:4:  swamp_vile, infiniplex_staircase_pool_2
Snake:2:  serial_shops, shop, spider_trap
Snake:4:  johnstein_snake_rune_scales, nrook_guardian_serpent_ordinary,
          uniq_kirke
Slime:2:  nicolae_slime_jelly_donut
Orc:1:    nicolae_orc_accident_2, basic_altar
Orc:2:    st_orc_pillars, serial_shops, nicolae_shop_trees
Elf:1:    eino_elf_arrival_sip, minmay_elf_crystal_hexagon, st_stairs_11,
          hangedman_decor_cross_pass, uniq_frances
Elf:2:    serial_shops, shop_coins, basic_loot_grate_trap, dk_noncrumbling_4,
          uniq_saint_roka, uniq_louise, uniq_roxanne, uniq_donald
Elf:3:    minmay_elf_hall, hangedman_elf_disciples
Vaults:1: nicolae_vaults_network_barrier,
          nicolae_vaults_windows_and_doors_thing, vaults_mumra_minichess,
          ontoclasm_vaults_fault, nicolae_vaults_little_ls,
          vaults_room_fancy_cross, vaults_dpeg_hooks, dpeg_vaults_monster_box,
          vaults_room_door_hall, hangedman_vaults_stretched_pinwheel,
          nicolae_vaults_asterisk, vaults_dpeg_ring, serial_shops,
          nicolae_shop_statue_plus
Vaults:2: ontoclasm_vaults_decontamination, vaults_room_fancy_cross,
          hangedman_vaults_trim, hangedman_vaults_capsules, v_pattern_2,
          hangedman_vaults_locks, grunt_vaults_hallway_short,
          ontoclasm_vaults_shout, vaults_mumra_lcd, blue_anna_dwarven_crypt,
          hangedman_vaults_trim, enter_trove_1, uniq_jory
Vaults:3: vaults_mumra_hex, v_rooms_5, nicolae_vaults_theta, v_pattern_5,
          v_misc_27, nicolae_vaults_little_squares_2, vaults_room_fours,
          hangedman_vaults_nails, ontoclasm_vaults_gateway,
          nicolae_vaults_circle_grid_a, serial_shops, shop
Vaults:4: grunt_vaults_swirl, grunt_tower_of_power, v_misc_28,
          nicolae_vaults_stairing_the_circle, grunt_vaults_focal,
          hangedman_vaults_pinch, ontoclasm_vaults_ligature,
          nicolae_vaults_what_the_h, v_pattern_3, serial_shops,
          nicolae_shop_window_shopping, uniq_mennas
Depths:1: enter_ziggurat_f, rand_demon_pan_entry_1, bh_walls_and_bars,
          hell_entry, minmay_three_doors
Depths:2: nooodl_heptagram, serial_sigils_hangedman_leer, mu_enter_wizlab_2,
          hell_entry
Depths:3: kennysheep_room_grid, serial_shops, shop_fountains, shop, shop,
          hangedman_geh_valley, rand_demon_pan_entry_7, minmay_st_funbox,
          minmay_shoptagon
Depths:4: nicolae_whirlpool, abyss_entry_small_statue_room,
          serial_co_window_serial, co_window_corner_a, co_window_paths_a,
          co_window_corner_a, co_window_of_opportunity_a,
          co_window_of_opportunity_a, co_window_cross_3, co_window_corner_ca,
          co_window_unsneaky_path_e, co_window_broadway_c, co_window_corner_cb,
          glass_columns_a, glass_columns_c, glass_columns_a, glass_columns_a,
          hell_entry
Ossuary:  ossuary_tomb_1
IceCv:    ice_cave_statue_garden_transporter
Volcano:  kennysheep_volcano_temple

Table legend:
 A = Turns spent in this place as a percentage of turns spent in the entire game.
 B = Non-inter-level travel turns spent in this place as a percentage of non-inter-level travel turns spent in the entire game.
 C = Inter-level travel turns spent in this place as a percentage of turns spent in this place.
 D = Turns resting spent in this place as a percentage of non-inter-level travel turns spent in this place.
 E = Turns spent auto-exploring this place as a percentage of non-inter-level travel turns spent in this place.
 F = Non-inter-level travel turns spent in this place divided by the number of levels of this place that you've seen.
                   A       B       C       D       E      F
               +-------+-------+-------+-------+-------+----------------------
         Total | 100.0 | 100.0 |   8.6 |  44.3 |  26.0 | 1626.1
       Dungeon |  26.0 |  24.7 |  13.1 |  36.4 |  38.3 | 1365.7
        Temple |   0.3 |   0.3 |  18.8 |   0.0 |  98.7 | 225.0
          Lair |  14.0 |  13.4 |  12.4 |  42.4 |  33.0 | 1849.7
         Swamp |   9.3 |   9.8 |   3.6 |  53.7 |  23.7 | 2030.8
     Snake Pit |  12.3 |  12.8 |   4.4 |  54.5 |  16.9 | 2658.2
    Slime Pits |   2.0 |   2.2 |   0.0 |  39.9 |   0.0 | 371.8
  Orcish Mines |   3.5 |   3.2 |  17.5 |  26.1 |  32.8 | 1326.5
   Elven Halls |   8.9 |   9.2 |   5.9 |  47.9 |  17.6 | 2540.3
        Vaults |  11.9 |  11.9 |   8.5 |  39.3 |  24.7 | 2476.0
        Depths |   9.9 |  10.4 |   3.8 |  52.2 |  15.6 | 2151.2
       Ossuary |   0.5 |   0.6 |   0.0 |  41.5 |  13.1 | 487.0
      Ice Cave |   0.7 |   0.8 |   0.0 |  66.8 |   1.7 | 638.0
       Volcano |   0.7 |   0.7 |   0.0 |  57.6 |   9.3 | 601.0
               +-------+-------+-------+-------+-------+----------------------

Table legend:
 A = Kills in this place as a percentage of kills in entire the game.
 B = Kills by you in this place as a percentage of kills by you in the entire game.
 C = Kills by friends in this place as a percentage of kills by friends in the entire game.
 D = Other kills in this place as a percentage of other kills in the entire game.
 E = Experience gained in this place as a percentage of experience gained in the entire game.
 F = Experience gained in this place divided by the number of levels of this place that you have seen.
                   A       B       C       D       E      F
               +-------+-------+-------+-------+-------+----------------------
         Total | 100.0 | 100.0 | 100.0 | 100.0 | 100.0 | 22423.1
       Dungeon |  22.1 |  22.2 |   0.0 |   0.0 |   6.7 | 5131.9
          Lair |   8.9 |   9.0 |   0.0 |   0.0 |   6.4 | 12125.8
         Swamp |   6.9 |   7.0 |   0.0 |   0.0 |   6.7 | 19183.8
     Snake Pit |  11.7 |  11.7 |   0.0 |  11.1 |  11.9 | 34150.5
    Slime Pits |   4.1 |   4.1 |   0.0 |   0.0 |   4.4 | 10126.4
  Orcish Mines |   5.2 |   5.3 |   0.0 |   0.0 |   1.3 | 7481.0
   Elven Halls |   7.1 |   7.1 |   0.0 |  11.1 |  12.0 | 45710.7
        Vaults |  16.9 |  16.8 | 100.0 |  22.2 |  23.4 | 66777.0
        Depths |  14.5 |  14.1 |   0.0 |  55.6 |  26.5 | 75642.5
       Ossuary |   1.8 |   1.8 |   0.0 |   0.0 |   0.0 | 310.0
      Ice Cave |   0.5 |   0.5 |   0.0 |   0.0 |   0.2 | 2731.0
       Volcano |   0.4 |   0.4 |   0.0 |   0.0 |   0.4 | 5060.0
               +-------+-------+-------+-------+-------+----------------------
